[Event "Team 45 45 League T57"]
[Site "Internet Chess Club"]
[Date "2013.05.27"]
[Round "1"]
[White "CogitoErgoSum"]
[Black "alexping"]
[Result "1-0"]
[WhiteElo "1940"]
[BlackElo "1788"]
[Opening "French: Tarrasch, closed variation"]
[ECO "C05"]
[Time "11:02:22"]
[TimeControl "2700+45"]

1. e4 e6 2. d4 d5 3. Nd2 Nf6 4. e5 Nfd7 5. c3 c5 6. Bd3 Nc6 7. Ne2 Be7 8. Nf3 f6
9. exf6 Nxf6 10. O-O cxd4 11. cxd4 O-O 12. Bg5 Qc7 13. Rc1 Bd6 14. Bh4 Qe7 15.
Qc2 g6 16. Rfe1 e5 17. dxe5 Nxe5 18. Nxe5 Bxe5 19. Bg3 Bxg3 20. hxg3 Qf7 21. Nd4
Nh5 22. Re5 Qf6 23. Rce1 b6 24. Rxd5 Kg7 25. Rde5 a5 26. Re7+ Rf7 27. Rxf7+ Qxf7
28. Nc6 Be6 29. Bc4 Re8 30. Nd8 Rxd8 31. Bxe6 Qf6 32. Re2 Qd4 33. Qc7+ Kh6 34.
Qc1+ Kg7 35. Qc7+ Kh6 36. Qc1+ Kg7 37. Qc3 Qxc3 38. bxc3 Re8 39. Kf1 Kf6 40. Bg4
Rxe2 41. Kxe2 Ng7 42. Kd3 Ke5 43. Kc4 Kd6 44. Kb5 Kc7 45. c4 Ne8 46. c5 bxc5 47.
Kxc5 Nf6 48. Bf3 Nd7+ 49. Kb5 Ne5 50. Be2 Nc6 51. Kc5 Nb4 52. a4 Na2 53. Bb5 Nc3
54. Bc6 Nd1 55. f4 Nc3 56. g4 Ne2 57. f5 gxf5 58. gxf5 Ng3 59. f6 Nh5 60. f7 Ng7
61. Bd5 {Black resigns} 1-0

[Event "Team 45 45 League T57"]
[Site "Internet Chess Club"]
[Date "2013.05.28"]
[Round "1"]
[White "Otelo"]
[Black "SaltofLife"]
[Result "1-0"]
[WhiteElo "1829"]
[BlackElo "1886"]
[Opening "Sicilian: closed"]
[ECO "B23"]
[Time "14:20:36"]
[TimeControl "2700+45"]

1. e4 c5 2. Nc3 a6 3. f4 b5 4. a4 b4 5. Nce2 Bb7 6. d3 g6 7. Nf3 Bg7 8. g3 Nc6
9. Bg2 d6 10. O-O e6 11. c3 Nge7 12. Be3 Qa5 13. Qe1 d5 14. e5 Nf5 15. Bd2 O-O
16. g4 Nfe7 17. d4 bxc3 18. Bxc3 Qb6 19. dxc5 Qxc5+ 20. Kh1 a5 21. Nfd4 Ba6 22.
Rf3 Rab8 23. g5 Bxe2 24. Nxe2 d4 25. Bd2 Nf5 26. Rh3 Rfc8 27. Rb1 Nb4 28. Be4
Rd8 29. Bxf5 exf5 30. Qh4 h5 31. gxh6 Bh8 32. h7+ Kf8 33. Qh6+ Ke8 34. e6 Qc6+
35. Kg1 Qxe6 36. Ng3 Nc2 37. Nf1 Qa2 38. Rc1 Rxb2 39. Qg5 Qxa4 40. Ng3 Rd6 41.
Nxf5 gxf5 42. Qg8+ Ke7 43. Qxh8 Rg6+ 44. Rg3 Rxg3+ 45. hxg3 Qb3 46. Qe5+ Kd7 47.
Qxf5+ Ke7 48. Qe5+ Kd7 49. Qf5+ Ke7 50. Qg5+ Kd7 51. h8=Q Qb6 52. Qd5+ {Black
resigns} 1-0

[Event "Team 45 45 League T57"]
[Site "Internet Chess Club"]
[Date "2013.05.25"]
[Round "1"]
[White "Jack-ONeill"]
[Black "Froggy"]
[Result "0-1"]
[WhiteElo "2057"]
[BlackElo "2226"]
[Opening "Trompowsky attack (Ruth, Opocenský opening)"]
[ECO "A45"]
[Time "05:01:23"]
[TimeControl "2700+45"]

1. d4 Nf6 2. Bg5 Ne4 3. Bf4 d6 4. Nd2 Nf6 5. e4 Nbd7 6. Ngf3 g6 7. Bc4 Nb6 8.
Bb3 Bg7 9. O-O O-O 10. h3 a5 11. a4 Qe8 12. c3 e6 13. Re1 Kh8 14. Bh2 Nfd7 15.
Qc2 Qe7 16. Rad1 e5 17. Nb1 Re8 18. Bg3 Nf8 19. Na3 f6 20. Nb5 Ne6 21. Qc1 g5
22. Bc2 h5 23. b3 Bh6 24. Qb2 Rg8 25. Bd3 Qg7 26. dxe5 fxe5 27. c4 Nd7 28. Kh1
Kh7 29. Bb1 Qf7 30. Qe2 Ndc5 31. Bc2 Bd7 32. Nc3 Raf8 33. Nd5 Qg7 34. Rg1 Be8
35. Ne3 g4 36. Nh4 Bxe3 37. Qxe3 Nd4 38. Rd2 Bd7 39. Kh2 Qh6 40. Re1 Ncxb3 41.
Bxb3 Nxb3 42. Rb2 Qxe3 43. Rxe3 Nc5 {White resigns} 0-1

[Event "Team 45 45 League T57"]
[Site "Internet Chess Club"]
[Date "2013.05.26"]
[Round "1"]
[White "Goli"]
[Black "Ptzz"]
[Result "0-1"]
[WhiteElo "1875"]
[BlackElo "2150"]
[Opening "Ruy Lopez: exchange variation"]
[ECO "C68"]
[Time "14:30:07"]
[TimeControl "2700+45"]

1. e4 e5 2. Nf3 Nc6 3. Bb5 a6 4. Bxc6 dxc6 5. h3 Bd6 6. O-O c5 7. c3 Bd7 8. d4
cxd4 9. cxd4 Qe7 10. Bg5 Nf6 11. Re1 O-O-O 12. Nc3 h6 13. Bh4 Bc6 14. d5 Be8 15.
a3 g5 16. Bg3 Rg8 17. Qc2 g4 18. hxg4 Rxg4 19. Rac1 Nh5 20. Bh2 Qf6 21. Qe2 Bd7
22. Kh1 Rdg8 23. Rg1 Nf4 24. Qe3 Kb8 25. Bg3 h5 26. Nh2 h4 27. Bxf4 Rxf4 28. f3
Qe7 29. Ne2 Rf6 30. b4 Rfg6 31. f4 exf4 32. Nxf4 Rg3 33. Qf2 Qxe4 34. Nh5 Rh3
{White resigns} 0-1

[Event "Team 45 45 League T57"]
[Site "Internet Chess Club"]
[Date "2013.05.26"]
[Round "1"]
[White "Holgate"]
[Black "Inquisiteur"]
[Result "1-0"]
[WhiteElo "2013"]
[BlackElo "1588"]
[Opening "Alekhine's defense"]
[ECO "B02"]
[Time "16:00:28"]
[TimeControl "2700+45"]

1. e4 Nf6 2. e5 Nd5 3. Nf3 c5 4. c3 Nc6 5. d4 cxd4 6. Bc4 e6 7. cxd4 Nb6 8. Bb3
d6 9. O-O Be7 10. Qe2 O-O 11. Nc3 dxe5 12. dxe5 a6 13. Rd1 Qc7 14. Bf4 Bd7 15.
Rac1 Rfd8 16. Ne4 Be8 17. Nd6 Nd7 18. Bc2 Nf8 19. Bg3 Qb6 20. a3 Ng6 21. Nc4 Qc7
22. h4 Rxd1+ 23. Rxd1 Rd8 24. h5 Nf8 25. Nd6 f5 26. Nxe8 Rxe8 27. Qc4 Kh8 28.
Nd4 Qc8 29. Nxc6 Qxc6 30. Qxc6 bxc6 31. Ba4 Rb8 32. Rd2 c5 33. Bf4 g5 34. Bh2
Kg7 35. f3 f4 36. g4 c4 37. Kf1 c3 38. bxc3 Bxa3 39. Bg1 Kf7 40. Ke2 Ke7 41. Ra2
Rb2+ 42. Rxb2 Bxb2 43. Bc5+ {Black resigns} 1-0

[Event "Team 45 45 League T57"]
[Site "Internet Chess Club"]
[Date "2013.05.26"]
[Round "1"]
[White "NimzoMal"]
[Black "Holzschlange"]
[Result "1/2-1/2"]
[WhiteElo "1924"]
[BlackElo "1833"]
[Opening "QGD Slav defense"]
[ECO "D10"]
[Time "10:01:53"]
[TimeControl "2700+45"]

1. d4 d5 2. c4 c6 3. Nc3 Nf6 4. e3 Bf5 5. cxd5 cxd5 6. Bd3 Bxd3 7. Qxd3 Nc6 8.
Nf3 e6 9. O-O Rc8 10. Bd2 Bd6 11. Rac1 O-O 12. a3 a6 13. h3 Qe7 14. Rc2 Rfd8 15.
Rfc1 h6 16. g3 Nd7 17. Kg2 f5 18. Nh4 Nf6 19. f4 Qf7 20. Nf3 Ne4 {Game drawn by
mutual agreement} 1/2-1/2

[Event "Team 45 45 League T57"]
[Site "Internet Chess Club"]
[Date "2013.05.26"]
[Round "1"]
[White "anna"]
[Black "drsigmund1"]
[Result "1-0"]
[WhiteElo "1658"]
[BlackElo "1568"]
[Opening "French: advance, Euwe variation"]
[ECO "C02"]
[Time "14:00:32"]
[TimeControl "2700+45"]

1. e4 e6 2. d4 d5 3. e5 c5 4. c3 Nc6 5. Nf3 Bd7 6. Bd3 Qb6 7. Bc2 O-O-O 8. O-O
f6 9. a3 fxe5 10. dxe5 Nge7 11. Re1 Ng6 12. b4 c4 13. Be3 Qc7 14. Bd4 Be7 15.
Nbd2 Nxd4 16. cxd4 Rdf8 17. Nb1 Nh4 18. Nxh4 Bxh4 19. g3 Be7 20. Nc3 h5 21. Re3
g5 22. Rf3 Qd8 23. Rxf8 Qxf8 24. Qe2 g4 25. Nd1 Qg7 26. Ne3 Be8 27. Ng2 h4 28.
Nf4 hxg3 29. fxg3 Kd7 30. Ba4+ Kc8 31. Bxe8 Rxe8 32. Nxe6 Qg6 33. Nf4 Rd8 34.
Nxg6 {Black resigns} 1-0

[Event "Team 45 45 League T57"]
[Site "Internet Chess Club"]
[Date "2013.05.27"]
[Round "1"]
[White "nosir"]
[Black "vjbaker"]
[Result "0-1"]
[WhiteElo "1458"]
[BlackElo "1785"]
[Opening "Sicilian defense"]
[ECO "B30"]
[Time "19:30:11"]
[TimeControl "2700+45"]

1. e4 c5 2. Nf3 Nc6 3. g3 g6 4. Bg2 Bg7 5. c3 d5 6. exd5 Qxd5 7. O-O Bg4 8. h3
Bf5 9. Nh4 Be4 10. Re1 Bxg2 11. Nxg2 O-O-O 12. Ne3 Qd7 13. Kh2 f5 14. Na3 e5 15.
Ng2 e4 16. f4 Nge7 17. Rb1 Nd5 18. d3 Nb6 19. Be3 Qxd3 20. Qxd3 Rxd3 21. Bxc5
Nd7 22. Be3 Nf6 23. Nb5 a6 24. Nd4 Nxd4 25. Bxd4 Ne8 26. Rbd1 Rxd1 27. Rxd1 Bxd4
28. Rxd4 Nc7 29. Ne3 b5 30. Kg2 Rd8 31. Rxd8+ Kxd8 32. Kf2 Kd7 33. b4 Ke6 34. c4
bxc4 35. Nxc4 Kd5 36. Na5 Kd4 37. Ke2 Nd5 38. a3 Nc3+ 39. Ke1 Kd3 40. Nb3 Kc4
41. Nd2+ Kb5 42. Nb3 Ka4 43. Nc5+ Kxa3 44. Nxa6 Ka4 45. Kd2 Nd5 46. Nc5+ Kxb4
47. Ne6 Kc4 48. Nf8 Nf6 49. Ke3 Kd5 50. Ke2 Kd6 {White resigns} 0-1

[Event "Team 45 45 League T57"]
[Site "Internet Chess Club"]
[Date "2013.05.25"]
[Round "1"]
[White "Littlemon"]
[Black "monkhammer"]
[Result "1-0"]
[WhiteElo "1413"]
[BlackElo "1531"]
[Opening "QGD: Tarrasch defense"]
[ECO "D32"]
[Time "10:01:21"]
[TimeControl "2700+45"]

1. d4 d5 2. c4 e6 3. Nc3 c5 4. e3 Nf6 5. Nf3 Nc6 6. Bd3 Be7 7. O-O O-O 8. Re1
dxc4 9. Bxc4 a6 10. Bb3 b5 11. a4 b4 12. Ne2 Bb7 13. Qc2 cxd4 14. exd4 Rc8 15.
Qd3 Qb6 16. Be3 Qc7 17. Rec1 Qd7 18. Qd2 Rfd8 19. Rd1 Na5 20. Bc2 Nc4 21. Qd3
Nxb2 22. Ne5 Qe8 23. Qb3 Nxd1 24. Rxd1 Bd5 25. Qb2 a5 26. Nf4 Be4 27. Bb3 Nd5
28. f3 Nxe3 29. Re1 Bxf3 30. Nxf3 Nf5 31. Nxe6 Rd6 32. Neg5 Qd7 33. Nxf7 Kf8 34.
Nxd6 Qxd6 35. Be6 Nxd4 36. Bxc8 Nxf3+ 37. gxf3 Qc5+ 38. Kf1 Qxc8 39. Qe5 Qc5 40.
Qxc5 Bxc5 41. Ke2 Kf7 42. Kd3 Bd6 43. Re2 Kf6 44. Kc4 Kf7 45. Kb5 Bc7 46. Rc2
Bd8 47. Rc8 Ke7 48. Rc4 h5 49. Rc5 g6 50. f4 Bc7 51. Rxc7+ {Black resigns} 1-0

[Event "Team 45 45 League T57"]
[Site "Internet Chess Club"]
[Date "2013.05.27"]
[Round "1"]
[White "SeniorCitizen"]
[Black "wildcat2023"]
[Result "0-1"]
[WhiteElo "1333"]
[BlackElo "1377"]
[Opening "Sicilian: dragon, classical, 9.Nb3"]
[ECO "B74"]
[Time "09:31:54"]
[TimeControl "2700+45"]

1. e4 c5 2. Nf3 d6 3. d4 cxd4 4. Nxd4 Nf6 5. Nc3 g6 6. Be2 Bg7 7. Be3 O-O 8. O-O
Nc6 9. Nb3 b6 10. f4 Bb7 11. Bf3 Rc8 12. e5 dxe5 13. Qxd8 Rfxd8 14. fxe5 Ne8 15.
Bf4 Ba6 16. Be2 Bxe2 17. Nxe2 Nxe5 18. Bxe5 Bxe5 19. c3 f5 20. Ned4 Kf7 21. Rfe1
Kf6 22. Re2 Nd6 23. Rae1 Ne4 24. Nf3 Bc7 25. Nbd2 Nxd2 26. Rxd2 e5 27. g3 e4 28.
Nd4 Be5 29. Red1 a6 30. Kg2 h5 31. h4 Rg8 32. Kh3 g5 33. Rg2 g4+ 34. Kh2 f4 35.
gxf4 Bxf4+ 36. Kh1 Ke5 37. Ne2 Be3 38. Rd7 Rcd8 39. Re7+ Kf5 40. Rf7+ Ke6 41.
Rb7 Rgf8 42. Nd4+ Ke5 43. Nc6+ Kd5 44. Nxd8 Rf1+ 45. Kh2 Bf4+ 46. Rg3 Rf2+ 47.
Kg1 Bxg3 48. Rxb6 e3 {White resigns} 0-1

[Event "Team 45 45 League T57"]
[Site "Internet Chess Club"]
[Date "2013.05.23"]
[Round "1"]
[White "Bible-Believer"]
[Black "kutch"]
[Result "1-0"]
[WhiteElo "1674"]
[BlackElo "1538"]
[Opening "Ruy Lopez: Wormald (Alapin) attack"]
[ECO "C77"]
[Time "21:00:13"]
[TimeControl "2700+45"]

1. e4 e5 2. Nf3 Nc6 3. Bb5 a6 4. Ba4 Nf6 5. Qe2 b5 6. Bb3 Bb7 7. c3 Bc5 8. O-O
d6 9. Rd1 O-O 10. d4 Bb6 11. dxe5 Ng4 12. Bg5 Qe8 13. Bh4 Ngxe5 14. Nbd2 Ne7 15.
Nxe5 dxe5 16. Nf3 Ng6 17. Bg3 Kh8 18. Bd5 c6 19. Bb3 f6 20. Rd2 Rd8 21. Rad1
Rxd2 22. Rxd2 Qc8 23. Qd1 Qg4 24. Rd7 Bc8 25. Rd6 Qxe4 26. Nd2 Qg4 27. Qxg4 Bxg4
28. Rxc6 Rd8 29. Rxb6 Rxd2 30. Rb8+ {Black resigns} 1-0

[Event "Team 45 45 League T57"]
[Site "Internet Chess Club"]
[Date "2013.05.23"]
[Round "1"]
[White "PostMike"]
[Black "palm47"]
[Result "1-0"]
[WhiteElo "1574"]
[BlackElo "1569"]
[Opening "Philidor: Hanham variation"]
[ECO "C41"]
[Time "14:33:01"]
[TimeControl "2700+45"]

1. e4 e5 2. Nf3 d6 3. d4 Nd7 4. dxe5 dxe5 5. Be3 Ngf6 6. Nbd2 Bd6 7. Bc4 O-O 8.
O-O Nb6 9. Bb3 Bg4 10. h3 Be6 11. Bxe6 fxe6 12. b3 c5 13. c4 a5 14. a4 h6 15.
Qc2 Nbd7 16. Rad1 b6 17. Nb1 Qb8 18. Rd2 Rd8 19. Rfd1 Be7 20. Nc3 g5 21. g4 Qb7
22. Ne1 Re8 23. f3 Qc6 24. Nb5 Rad8 25. Qb2 Qb7 26. Bf2 Qb8 27. Bg3 h5 28. Nd3
h4 29. Bh2 Qb7 30. Nxe5 Nf8 31. Rxd8 Rxd8 32. Rxd8 Bxd8 33. Nd3 N6d7 34. Qd2 Ng6
35. Kg2 Bf6 36. Kf1 e5 37. Bg1 Nf4 38. Nxf4 exf4 39. Qd5+ Qxd5 40. cxd5 Be5 41.
Ke2 Kf7 42. Bf2 Ke7 43. Be1 Bb2 44. Kd3 Ne5+ 45. Ke2 Kd7 46. Bc3 Bxc3 47. Nxc3
Ke7 48. Nb1 Kd7 49. Nd2 Kd6 50. Kd1 Ke7 51. Kc2 Kd8 52. Kd1 Nd3 53. Ke2 Nc1+ 54.
Kf1 Nd3 55. Nc4 Kc7 56. e5 Nb4 57. d6+ Kd7 58. Nxb6+ Ke6 59. Nc4 Nd3 60. Nxa5
Nxe5 61. Ke2 Kxd6 62. Nc4+ Kd5 63. Nxe5 Kxe5 64. Kd3 {Black resigns} 1-0

[Event "Team 45 45 League T57"]
[Site "Internet Chess Club"]
[Date "2013.05.23"]
[Round "1"]
[White "kingsrook"]
[Black "jjaillet2007"]
[Result "1-0"]
[WhiteElo "1344"]
[BlackElo "1406"]
[Opening "QGD: Tarrasch defense, 4.cd ed"]
[ECO "D32"]
[Time "21:00:16"]
[TimeControl "2700+45"]

1. d4 d5 2. c4 e6 3. Nc3 c5 4. cxd5 exd5 5. dxc5 d4 6. Ne4 Bf5 7. Nd6+ Bxd6 8.
Qxd4 Bc7 9. Qxd8+ Bxd8 10. Bd2 Nc6 11. e3 Ba5 12. Bxa5 Nxa5 13. Bb5+ Nc6 14. Nf3
a6 15. Ba4 Ne7 16. O-O O-O 17. Nd4 Nxd4 18. exd4 Nd5 19. Rfe1 Nf4 20. Re7 Rab8
21. Rae1 Be6 22. Rd1 Rfd8 23. Bb3 Bxb3 24. axb3 Ne2+ 25. Rxe2 Rd5 26. Re5 Rxe5
27. dxe5 Re8 28. f4 f6 29. Rd5 fxe5 30. fxe5 Kf7 31. Rd7+ Re7 32. Rxe7+ Kxe7 33.
Kf2 Ke6 34. Ke3 Kxe5 35. b4 Kd5 36. Kd3 g5 37. g4 Kc6 38. Kc4 b5+ 39. Kd4 h6 40.
h3 Kd7 41. Ke5 Kc6 42. Kd4 Kd7 43. Kd5 Kc7 44. c6 Kc8 45. Kd6 Kd8 46. c7+ Kc8
47. b3 a5 48. bxa5 b4 49. a6 h5 50. a7 Kb7 51. Kd7 hxg4 52. hxg4 Kxa7 53. c8=Q
Kb6 54. Kd6 Ka7 55. Qc5+ Kb8 56. Qxb4+ Kc8 57. Qc5+ Kb7 58. b4 Kb8 59. Qxg5 Kb7
60. Qb5+ Kc8 61. g5 Kd8 62. g6 Kc8 63. g7 Kd8 64. g8=Q# {Black checkmated} 1-0

[Event "Team 45 45 League T57"]
[Site "Internet Chess Club"]
[Date "2013.05.27"]
[Round "1"]
[White "Aquaman"]
[Black "JRussell2"]
[Result "1-0"]
[WhiteElo "1350"]
[BlackElo "1328"]
[Opening "Nimzovich-Larsen attack: modern variation"]
[ECO "A01"]
[Time "15:01:25"]
[TimeControl "2700+45"]

1. b3 e5 2. Bb2 Nc6 3. e3 d6 4. g3 Nf6 5. Bg2 Bd7 6. Ne2 Be7 7. O-O O-O 8. Nbc3
Qc8 9. Re1 Re8 10. d4 exd4 11. exd4 Bg4 12. Qd2 Rb8 13. Nf4 Nh5 14. Nfd5 Nf6 15.
Nxe7+ Nxe7 16. Nd1 Qd8 17. c4 c6 18. Ne3 Bh5 19. d5 Bg6 20. Bxf6 gxf6 21. Ng4
Nf5 22. Rxe8+ {Black resigns} 1-0

[Event "Team 45 45 League T57"]
[Site "Internet Chess Club"]
[Date "2013.05.23"]
[Round "1"]
[White "tyler66"]
[Black "tryanything"]
[Result "1-0"]
[WhiteElo "1531"]
[BlackElo "1550"]
[Opening "KP: Indian opening"]
[ECO "C20"]
[Time "20:00:12"]
[TimeControl "2700+45"]

1. e4 e5 2. d3 Nf6 3. Nf3 d6 4. g3 Nc6 5. Bg2 Be7 6. O-O O-O 7. c3 Bg4 8. Re1
Qd7 9. d4 exd4 10. cxd4 Rad8 11. Nc3 a6 12. Bf4 Rfe8 13. e5 dxe5 14. dxe5 Nd5
15. Qxd5 Qxd5 16. Nxd5 Rxd5 17. h3 Be6 18. Ng5 Rb5 19. Nxe6 fxe6 20. Bxc6 bxc6
21. b3 Ba3 22. Bc1 Bb4 23. Re2 Bc3 24. Bb2 Bxb2 25. Rxb2 Rxe5 26. Rc1 c5 27.
Rbc2 Rd8 28. Rxc5 Re2 29. R1c2 Rdd2 30. Rxd2 Rxd2 31. Ra5 Rd6 32. Rc5 Rd2 33. a4
Rb2 34. Rxc7 Rxb3 35. Rc6 Kf7 36. Rxa6 Ra3 37. Kg2 h5 38. Ra8 Kf6 39. a5 e5 40.
a6 Ra2 41. a7 Kg6 42. Re8 Rxa7 43. Rxe5 Rf7 44. g4 hxg4 45. hxg4 Ra7 46. Kg3 Ra1
47. Kf4 Ra4+ 48. Re4 Ra2 49. f3 Ra5 50. Re6+ Kf7 51. Re5 Ra4+ 52. Kg5 Ra6 53. f4
Rg6+ 54. Kf5 Rf6+ 55. Ke4 Ra6 56. f5 Ra4+ 57. Kf3 Ra3+ 58. Kf4 Ra4+ 59. Kg5 Rb4
60. Rc5 Rb6 61. Rc7+ Kf8 62. Kh5 Rh6+ 63. Kg5 Rb6 64. Rd7 Ra6 65. Rd5 Rb6 66.
Re5 Kf7 67. Kf4 Rb4+ 68. Re4 Rb6 69. g5 Rb1 70. g6+ Kf8 71. Ke5 Rb6 72. Rd4 Rb5+
73. Ke6 Rb6+ 74. Rd6 Rb8 75. Kd7 Ra8 76. Rc6 Ra7+ 77. Kd6 Ra8 78. Rc7 Ra6+ 79.
Ke5 Ra5+ 80. Kf4 Ra1 81. Rf7+ Kg8 82. Ke3 Ra6 83. Kd4 Ra4+ 84. Kc5 Ra5+ 85. Kb6
Ra1 86. Rc7 Kf8 87. Rc8+ Ke7 88. Rg8 Kf6 89. Rf8+ Ke7 90. Rf7+ Ke8 91. Rxg7 Rb1+
92. Kc6 Rc1+ 93. Kd6 Rd1+ 94. Ke6 Re1+ 95. Kf6 {Black resigns} 1-0

[Event "Team 45 45 League T57"]
[Site "Internet Chess Club"]
[Date "2013.05.26"]
[Round "1"]
[White "okieman888"]
[Black "Bizzy-Ketty"]
[Result "1-0"]
[WhiteElo "1449"]
[BlackElo "1435"]
[Opening "Two knights defense"]
[ECO "C59"]
[Time "20:00:23"]
[TimeControl "2700+45"]

1. e4 e5 2. Nf3 Nc6 3. Bc4 Nf6 4. Ng5 d5 5. exd5 Na5 6. Bb5+ c6 7. dxc6 bxc6 8.
Be2 h6 9. Nf3 e4 10. Ne5 Bd6 11. d4 O-O 12. O-O c5 13. Bf4 cxd4 14. Qxd4 Be6 15.
Nc3 Bf5 16. Rad1 Bc7 17. Qc5 Qc8 18. Nd5 Nxd5 19. Qxd5 Be6 20. Qxe4 Bf5 21. Qa4
Bb6 22. Rd2 Rd8 23. Rxd8+ Qxd8 24. Rd1 Qc8 25. Bd3 Be6 26. Be4 Nb7 27. Qc6 Qxc6
28. Bxc6 Rd8 29. Rxd8+ Nxd8 30. Bd7 Bxa2 31. b3 Bb1 32. Bf5 f6 33. Nc4 Bc5 34.
Be3 Bxe3 35. Nxe3 Nc6 36. Kf1 Nd4 37. Bd3 Kf7 38. Ke1 Ba2 39. Kd2 Ke6 40. Kc3
Nc6 41. Kb2 Bxb3 42. Kxb3 Nd4+ 43. Kc4 Nc6 44. Kc5 Na5 45. Ba6 g5 46. Nc4 Nxc4
47. Kxc4 Kd6 48. Kd4 Kc6 49. Ke4 Kb6 50. Bd3 Kc5 51. Ba6 Kb6 52. Bc8 Kc7 53. Be6
a5 54. Kf5 Kb6 55. Kxf6 Kb5 56. Kg6 Kb4 57. Kxh6 a4 58. Kxg5 Kc3 59. h4 Kxc2 60.
h5 Kb2 61. h6 a3 62. h7 {Black resigns} 1-0

[Event "Team 45 45 League T57"]
[Site "Internet Chess Club"]
[Date "2013.05.23"]
[Round "1"]
[White "ethan0627"]
[Black "akshayk06"]
[Result "0-1"]
[WhiteElo "1326"]
[BlackElo "1516"]
[Opening "Giuoco Pianissimo"]
[ECO "C50"]
[Time "21:30:56"]
[TimeControl "2700+45"]

1. e4 e5 2. Nf3 Nc6 3. Bc4 Bc5 4. d3 h6 5. Nc3 Nf6 6. Be3 Bxe3 7. fxe3 d6 8. O-O
O-O 9. Qe1 Na5 10. Bb3 Nxb3 11. axb3 a6 12. Nh4 d5 13. Rxf6 Qxf6 14. Nxd5 Qd8
15. Qg3 c6 16. Nc3 Qg5 17. Qxg5 hxg5 18. Nf3 f6 19. d4 g4 20. Nh4 Re8 21. Rf1 g5
22. Nf5 Bxf5 23. Rxf5 Kg7 24. Kf2 Rad8 25. d5 Rd6 26. Kg3 Rh8 27. b4 Kg6 28. Rf1
Rc8 29. Kxg4 cxd5 30. exd5 Rc4+ 31. e4 Rxb4 32. b3 Rd4 33. Rf2 b5 34. Ne2 Rxe4+
35. Kf3 f5 36. h3 Rxd5 37. g3 Rc5 38. Rg2 g4+ 39. hxg4 Rxg4 40. Rh2 Re4 41. Rg2
Kf6 42. Rh2 Rxc2 43. Rg2 Rcxe2 44. Rxe2 Rxe2 45. Kxe2 a5 46. Kd2 a4 47. bxa4
bxa4 48. Kc3 Kg5 49. Kb4 Kg4 50. Kxa4 Kxg3 51. Kb3 e4 52. Kc2 f4 53. Kd2 Kg2 54.
Ke2 f3+ 55. Ke1 {White resigns} 0-1

[Event "Team 45 45 League T57"]
[Site "Internet Chess Club"]
[Date "2013.05.25"]
[Round "1"]
[White "stantheman59"]
[Black "MateMaster"]
[Result "0-1"]
[WhiteElo "1225"]
[BlackElo "1391"]
[Opening "Sicilian: Nimzovich-Rossolimo attack (without ...d6)"]
[ECO "B30"]
[Time "19:01:54"]
[TimeControl "2700+45"]

1. e4 c5 2. Nf3 Nc6 3. Bb5 Nf6 4. Nc3 a6 5. Bxc6 bxc6 6. b3 d5 7. e5 d4 8. exf6
dxc3 9. fxg7 Bxg7 10. d3 O-O 11. O-O Bf5 12. Re1 Bxd3 13. Ba3 Bg6 14. Qe2 e6 15.
Bxc5 Re8 16. Rad1 Qc7 17. Bd4 Bxd4 18. Rxd4 c5 19. Rc4 Qa5 20. Ra4 Qb5 21. Qe5
Bxc2 22. Qxc3 Bg6 23. h3 Rac8 24. Qa5 Qxa5 25. Rxa5 Bh5 26. g4 Bg6 27. Rxa6 Ra8
28. Rxa8 Rxa8 29. a4 Bc2 30. Re3 Rb8 31. a5 Bxb3 32. Rc3 Bd5 33. Kg2 c4 34. Kg3
Ra8 35. Ra3 Bxf3 36. Kxf3 c3 37. Rxc3 Rxa5 38. Kg3 Kg7 39. f4 Kg6 40. h4 h5 41.
f5+ exf5 42. gxf5+ Kxf5 43. Rf3+ Kg6 44. Kg2 Ra4 45. Rg3+ Rg4 46. Kf3 Rxg3+ 47.
Kxg3 Kf5 48. Kh3 Kf4 49. Kg2 Kg4 50. Kf2 f5 51. Ke3 Kg3 52. Ke2 f4 53. Kf1 Kf3
54. Kg1 Ke2 55. Kh1 f3 56. Kh2 f2 57. Kg2 f1=Q+ 58. Kh2 Qf4+ 59. Kh3 Qg4+ 60.
Kh2 Kf2 61. Kh1 Qg2# {White checkmated} 0-1

[Event "Team 45 45 League T57"]
[Site "Internet Chess Club"]
[Date "2013.05.24"]
[Round "1"]
[White "rookmaster23"]
[Black "badmove"]
[Result "0-1"]
[WhiteElo "1663"]
[BlackElo "1656"]
[Opening "Ruy Lopez: closed, Chigorin, 12...Nc6"]
[ECO "C98"]
[Time "17:22:10"]
[TimeControl "2700+45"]

1. e4 e5 2. Nf3 Nc6 3. Bb5 a6 4. Ba4 Nf6 5. O-O Be7 6. Re1 b5 7. Bb3 d6 8. c3
O-O 9. h3 Na5 10. Bc2 c5 11. d4 Qc7 12. Nbd2 Nc6 13. d5 Nd8 14. Nf1 Ne8 15. Ng3
g6 16. Bh6 Ng7 17. Qd2 f6 18. a4 Rb8 19. axb5 axb5 20. h4 Nf7 21. h5 g5 22. Bxg7
Kxg7 23. Nf5+ Bxf5 24. exf5 h6 25. Ra6 Rb6 26. Rea1 Rxa6 27. Rxa6 Rb8 28. Qc1
Qb7 29. Qa1 Qxd5 30. Ra7 Rb7 31. Rxb7 Qxb7 32. Qe1 c4 33. Qe4 d5 34. Qg4 b4 35.
Ne1 bxc3 36. bxc3 Qb2 37. Qg3 Bc5 38. Qf3 Qc1 39. Kf1 Qd2 40. Qg3 e4 41. Bb1 e3
42. fxe3 Qxc3 43. Qf3 Bb4 44. Qe2 Ne5 45. Nc2 Bc5 46. Qe1 Qd3+ 47. Qe2 Qxf5+ 48.
Qf2 Qd3+ 49. Qe2 Kf7 50. Ke1 Qxe2+ 51. Kxe2 Ke6 52. Ne1 d4 53. exd4 Bxd4 54. Nf3
Kd5 55. Nxd4 Kxd4 56. Kd2 Ng4 57. g3 c3+ 58. Ke2 Ne3 59. Kf3 c2 {White resigns}
0-1

[Event "Team 45 45 League T57"]
[Site "Internet Chess Club"]
[Date "2013.05.26"]
[Round "1"]
[White "Elalfer"]
[Black "sdcohle"]
[Result "1-0"]
[WhiteElo "1442"]
[BlackElo "1405"]
[Opening "King's Indian: 6.Be2"]
[ECO "E91"]
[Time "14:01:49"]
[TimeControl "2700+45"]

1. d4 Nf6 2. c4 g6 3. Nf3 Bg7 4. Nc3 O-O 5. e4 d6 6. Be2 Nbd7 7. O-O b6 8. h3
Bb7 9. d5 Nc5 10. Qc2 a5 11. Be3 Ncd7 12. a3 c6 13. b4 axb4 14. axb4 cxd5 15.
exd5 Qc8 16. Ra2 Rxa2 17. Qxa2 Ne8 18. Bd4 Nef6 19. Qa7 Qc7 20. Nb5 Ra8 21.
Qxa8+ Bxa8 22. Nxc7 Bb7 23. Ra1 e5 24. dxe6 fxe6 25. Nxe6 Bxf3 26. Bxf3 Ne5 27.
Bxe5 dxe5 28. Ra8+ Kf7 29. Ng5+ Ke7 30. Ra7+ Nd7 31. Bc6 Kf6 32. Rxd7 Bh6 33.
Ne4+ Ke6 34. Rxh7 Bf8 35. Bd5+ Kf5 36. Rf7# {Black checkmated} 1-0

[Event "Team 45 45 League T57"]
[Site "Internet Chess Club"]
[Date "2013.05.25"]
[Round "1"]
[White "smsxman"]
[Black "Berke"]
[Result "0-1"]
[WhiteElo "1446"]
[BlackElo "1587"]
[Opening "French defense"]
[ECO "C00"]
[Time "10:00:11"]
[TimeControl "2700+45"]

1. e4 e6 2. Nf3 d5 3. exd5 exd5 4. d4 Nf6 5. Nc3 Bg4 6. Be2 Bd6 7. O-O O-O 8.
Re1 c6 9. Bg5 Nbd7 10. a3 Qc7 11. h3 Bh5 12. Bxf6 Nxf6 13. Ne5 Bxe2 14. Rxe2
Rae8 15. f4 Re7 16. Qd2 Rfe8 17. Rae1 Nh5 18. g4 Ng3 19. Rg2 Ne4 20. Nxe4 dxe4
21. g5 c5 22. c3 Qc8 23. Qe3 cxd4 24. Qxd4 Bc5 {White resigns} 0-1

[Event "Team 45 45 League T57"]
[Site "Internet Chess Club"]
[Date "2013.05.26"]
[Round "1"]
[White "tamky70"]
[Black "Toalla"]
[Result "1/2-1/2"]
[WhiteElo "1458"]
[BlackElo "1325"]
[Opening "Nimzo-Indian: 4.e3 e8g8, 5.Nf3 d7d5"]
[ECO "E51"]
[Time "13:36:22"]
[TimeControl "2700+45"]

1. d4 d5 2. c4 Nf6 3. Nf3 e6 4. Nc3 Bb4 5. e3 O-O 6. a3 Bxc3+ 7. bxc3 c6 8. Bd3
Nbd7 9. O-O Re8 10. Ne5 Nxe5 11. dxe5 Ne4 12. Qc2 f5 13. Bxe4 fxe4 14. cxd5 exd5
15. c4 Rxe5 16. cxd5 cxd5 17. Bb2 Re7 18. Bd4 b6 19. Rfc1 Be6 20. Qd2 Rc8 21.
Rxc8 Qxc8 22. Rc1 Rc7 23. Rxc7 Qxc7 24. Qc3 Qxc3 25. Bxc3 Kf7 26. Bb4 b5 27. Kf1
Ke8 28. Ke1 Kd7 29. Kd2 Kc6 30. Kc3 g6 31. Kd4 Kd7 32. Ba5 Kc6 33. h4 Kd7 34. f3
exf3 35. gxf3 Kc6 36. e4 dxe4 37. fxe4 Kd7 38. Ke5 Bg4 39. Kf6 Bh5 40. e5 h6 41.
e6+ Ke8 42. Bc3 g5 43. hxg5 hxg5 44. Kxg5 Bf3 45. Kf6 Bd5 46. Ba5 a6 47. Bb6 Bc4
48. Ke5 Bd3 49. Kd6 Bc4 50. Bc7 Bd3 51. e7 Bf1 52. Bd8 {Game drawn by mutual
agreement} 1/2-1/2